 Dungeon Crawl Stone Soup version 0.21.1-1-g345015f (webtiles) character file.

98 vatarom the Gusty (level 4, 0/24 HPs)
             Began as a Tengu Air Elementalist on Apr 17, 2018.
             Slain by a worm (10 damage)
             ... on level 2 of the Dungeon.
             The game lasted 00:06:04 (2520 turns).

vatarom the Gusty (Tengu Air Elementalist)          Turns: 2520, Time: 00:06:05

Health: 0/24       AC:  4    Str:  8    XL:     4   Next: 69%
Magic:  2/8        EV: 13    Int: 16    God:
Gold:   47         SH:  0    Dex: 15    Spells: 2/8 levels left

rFire    . . .     SeeInvis .   i - +2 dagger (drain)
rCold    . . .     Gourm    .   (no shield)
rNeg     . . .     Faith    .   a - +0 robe
rPois    .         Spirit   .   (helmet restricted)
rElec    .         Reflect  .   o - +0 cloak
rCorr    .         Harm     .   m - +0 pair of gloves
MR       .....                  (boots unavailable)
Stlth    ++........             (no amulet)
HPRegen  0.08/turn              (no ring)
MPRegen  0.11/turn              (no ring)

@: no status effects
A: beak, talons 3
a: no special abilities


You were on level 2 of the Dungeon.
You were full.

You visited 1 branch of the dungeon, and saw 3 of its levels.

You collected 47 gold pieces.

Inventory:

Hand Weapons
 i - a +2 dagger of draining (weapon)
Armour
 a - a +0 robe (worn)
 m - a +0 pair of gloves (worn)
 o - a +0 cloak (worn)
Scrolls
 d - 2 scrolls of identify {unknown}
 e - a scroll of enchant armour {unknown}
 f - a scroll of enchant weapon {unknown}
 h - a scroll of immolation {unknown}
 j - a scroll of remove curse {unknown}
Potions
 g - a potion of agility {unknown}
 k - a potion of curing {unknown}
 n - a potion of heal wounds {unknown}
 p - a potion of flight {unknown}
Books
 b - a book of Air

   Spells                             Type                      Level
   a - Shock                          Conjuration/Air              1
   b - Swiftness                      Charms/Air                   2
   c - Static Discharge               Conjuration/Air              3
   d - Airstrike                      Air                          4
   e - Lightning Bolt                 Conjuration/Air              5
Comestibles
 c - 5 rations


   Skills:
 - Level 2.1 Dodging
 - Level 2.0 Stealth
 + Level 2.5 Spellcasting
 * Level 3.5 Conjurations
 * Level 5.5 Air Magic


You had 2 spell levels left.
You knew the following spells:

 Your Spells              Type           Power        Failure   Level  Hunger
a - Shock                 Conj/Air       ###.         3%          1    #......
b - Swiftness             Chrm/Air       ##......     10%         2    ##.....
c - Static Discharge      Conj/Air       ###.....     9%          3    ###....


Dungeon Overview and Level Annotations

Branches:
Dungeon (3/15)

Altars:


Innate Abilities, Weirdness & Mutations

You have a beak for a mouth.
You have claws for feet.


Message History

Aiming: Shock
Press: ? - help, Shift-Dir - straight line
Okay, then.
Casting: Shock
Confirm with . or Enter, or press ? or * to list all spells.
Aiming: Shock
Press: ? - help, Shift-Dir - straight line The zap hits the worm.
The worm is almost dead.
The zap hits the worm.
You kill the worm!
Unknown command.
Casting: Shock
Confirm with . or Enter, or press ? or * to list all spells.
Aiming: Shock
Press: ? - help, Shift-Dir - straight line The zap hits the worm.
The worm is almost dead.
The worm bites you!
You die...

..........#########
##....)...........#
##.....##.........###
.......##.>.........#
#.#######.........#.#
..#........#.######.#
###.#......#.w.†.##.#
...........#####w##.#
....#......# #@##.#
.#...#+###.#####.##.#
.....#...........##.#
.#.######.#########.#
.#.#................#
##.#.#†.#.###########
......###.#####
......###.....######
..#...#.#####......#


You could see a worm.

Vanquished Creatures
  Terence (D:2)
  An ooze (D:2)
  2 worms (D:2)
  3 dart slugs
  4 orcs (D:3)
  5 giant cockroaches (D:2)
  6 goblins
  6 hobgoblins
  3 jackals (D:2)
  2 ball pythons
  7 bats
  3 frilled lizards
  3 kobolds
  8 rats
54 creatures vanquished.

Notes
Turn   | Place    | Note
-------+----------+-------------------------------------------
     0 | D:1      | vatarom the Tengu Air Elementalist began the quest for the Orb.
     0 | D:1      | Reached XP level 1. HP: 10/10 MP: 4/4
   276 | D:1      | Reached XP level 2. HP: 13/15 MP: 1/6
   620 | D:1      | Learned a level 2 spell: Swiftness
   836 | D:1      | Reached XP level 3. HP: 19/19 MP: 7/7
   929 | D:2      | Learned a level 3 spell: Static Discharge
   932 | D:2      | Noticed Terence
   959 | D:2      | Killed Terence
   959 | D:2      | Reached skill level 5 in Air Magic
  1273 | D:2      | Reached XP level 4. HP: 6/24 MP: 0/8
  2520 | D:2      | Slain by a worm

Skill      XL: |  1  2  3 |
---------------+----------+-----
Conjurations   | 2 3 |  3.5
Air Magic      | 5 |  5.5
Dodging        | |  2.1
Stealth        | |  2.0
Spellcasting   | |  2.5

Action                   |  1- 3 |  4- 6 || total
-------------------------+-------+-------++-------
Melee: Unarmed           |     3 |       ||     3
       Dagger            |    24 |    32 ||    56
       Kick              |     5 |     8 ||    13
       Peck              |     4 |     1 ||     5
 Cast: Shock             |    35 |    30 ||    65
       Static Discharge  |     1 |       ||     1
  Use: Potion            |     1 |       ||     1
 Stab: Sleeping          |     3 |     2 ||     5
  Eat: Ration            |     2 |     1 ||     3
       Chunk             |     1 |       ||     1
Armor: Robe              |     1 |     5 ||     6
Dodge: Dodged            |    12 |    27 ||    39
